 Dungeon Sprint DCSS version 0.31-a0-728-g01b46875f1 (webtiles) character file.

Game seed: 8415478759060031892

1142 greenwhat the Cleaver (level 8, -3/82 HPs)
             Began as a Hill Orc Fighter on Sept 12, 2023.
             Slain by a centaur warrior (6 damage)
             ... in the Dungeon (Sprint I: "Red Sonja").
             The game lasted 00:11:01 (384 turns).

greenwhat the Cleaver (Hill Orc Fighter)             Turns: 384, Time: 00:11:02

Health: -3/82      AC:  8    Str: 21    XL:     8   Next: 37%
Magic:  8/8        EV: 10    Int:  8    God:
Gold:   295        SH:  6    Dex: 10    Spells: 7/7 levels left

rFire   . . .        a - +0 war axe
rCold   . . .        c - +0 buckler
rNeg    . . .        b - +0 scale mail
rPois   .            (no helmet)
rElec   .            (no cloak)
rCorr   .            (no gloves)
SInv    .            (no boots)
Will    .....        (no amulet) Stlth
                     (no ring)
HPRegen 0.33/turn    (no ring)
MPRegen 0.11/turn

%: no teleportation
@: no status effects
A: no striking features
a: no special abilities


You were in the Dungeon.
You visited 1 branch You collected 405 gold pieces.
You spent 110 gold pieces at shops.

Inventory:

Hand Weapons
 a - a +0 war axe (weapon)
 k - a +0 dagger
 l - a +0 scythe
Armour
 b - a +0 scale mail (worn)
 c - a +0 buckler (worn)
 f - a +0 scale mail
Wands
 d - a wand of polymorph (5)
 m - a wand of flame (14) (quivered)
Scrolls
 j - a scroll of blinking
 n - a scroll of revelation {unknown}
Potions
 e - a potion of curing
 g - a potion of haste
 h - 2 potions of magic
 i - a potion of berserk rage


   Skills:
 + Level 11.2 Fighting
 + Level 12.5 Axes
 + Level 9.0 Armour
 + Level 2.3 Dodging
 + Level 9.7 Shields
 + Level 4.4 Unarmed Combat
 + Level 1.1 Evocations


You had 7 spell levels left.
You didn't know any spells.
Your spell library contained the following spells:

 Spells                   Type           Power      Damage    Failure   Level
 Hailstorm                Conj/Ice       0%         3d3       98%         3
 Summon Ice Beast         Ice/Summ       0%         N/A       100%        4
 Simulacrum               Ice/Necr       0%         N/A       100%        6


Dungeon Overview and Level Annotations

Branches:
Dungeon (1/1)

Altars:
Cheibriados
Dithmenos
Elyvilon
Fedhas
Gozag
Hepliaklqana
Kikubaaqudgha
Makhleb
Nemelex Xobeh
Okawaru
Qazlal
Ru
Sif Muna
Trog
Uskayaw
Vehumet
Wu Jian
Xom
Yredelemnul
Zin
The Shining One
Jiyva
Lugonu

Shops:
D !


Message History

You hit the centaur warrior.
The centaur warrior is moderately wounded.
You closely miss the centaur warrior. The centaur warrior hits you.
The centaur warrior kicks you but does no damage.
The centaur warrior hits you. The centaur warrior kicks you.
The centaur warrior hits you.
* * * LOW HITPOINT WARNING * * *
The centaur warrior kicks you but does no damage.
Aiming: Polymorph
Press: ? - help, Q - select action, (/) - cycle Shift-Dir - straight line, f - centaur warrior
Aim: a centaur warrior (moderately wounded, will become a torpor snail, a swamp dragon, or an eye of devastation, chance to affect: 34%)
The centaur warrior easily resists.
The centaur warrior misses you.
The centaur warrior kicks you but does no damage.
The centaur warrior hits you!
* * * LOW HITPOINT WARNING * * *
You block the centaur warrior's attack.
The centaur warrior hits you but does no damage.
The centaur warrior kicks you but does no damage.
Aiming: Throw Flame
Press: ? - help, Q - select action, (/) - cycle Shift-Dir - straight line, f/p - centaur warrior
Aim: a centaur warrior (moderately wounded, 77% to hit)
The puff of flame hits the centaur warrior.
The centaur warrior is moderately wounded.
The centaur warrior hits you but does no damage.
You block the centaur warrior's attack. The centaur warrior hits you.
* * * LOW HITPOINT WARNING * * *
You block the centaur warrior's attack.
The centaur warrior hits you but does no damage.
The centaur warrior kicks you but does no damage.
Aiming: Throw Flame
Press: ? - help, Q - select action, (/) - cycle Shift-Dir - straight line, f/p - centaur warrior
Aim: a centaur warrior (moderately wounded, 77% to hit)
The puff of flame misses the centaur warrior.
The centaur warrior hits you.
* * * LOW HITPOINT WARNING * * *
The centaur warrior closely misses you. The centaur warrior hits you.
* * * LOW HITPOINT WARNING * * *
The centaur warrior closely misses you. The centaur warrior hits you.
You die...

##########################
#<.#..'..#..'..#c_#..')..#
#..†.)#..[..#.c@..'..#)..#
#..#####'#####'#__####...+
#..####..#...#.####§§#####
#..#__####..##.#§§~.§#
#..#_____##'#_.'~~§c§+
#⌠⌠#_.∩...'..._#~~~c.#
####_..__##_.#'##+####
#_____###+#.# ####### ###


You could see 2 centaur warriors.

Vanquished Creatures
  2 kobold demonologists (D)
  A slime creature (D)
  A yak (D)
  A floating eye (D)
  A sky beast (D)
  An ogre (D)
  A jelly (D)
  Ijyb (D)
9 creatures vanquished.

Notes
Turn   | Place    | Note
-------+----------+-------------------------------------------
     0 | D        | greenwhat the Hill Orc Fighter began the quest for the Orb.
     0 | D        | Reached XP level 1. HP: 19/19 MP: 1/1
     2 | D        | Noticed Ijyb
    14 | D        | Killed Ijyb
    15 | D        | Reached skill level 5 in Fighting
    15 | D        | Reached skill level 3 in Axes
    15 | D        | Reached skill level 1 in Unarmed Combat
    15 | D        | Reached XP level 2. HP: 23/29 MP: 2/2
    15 | D        | Reached XP level 3. HP: 29/36 MP: 3/3
    30 | D        | Noticed an ogre
    62 | D        | Killed an ogre
    63 | D        | Reached skill level 4 in Axes
    63 | D        | Reached XP level 4. HP: 47/47 MP: 4/4
    82 | D        | Noticed Sigmund
    84 | D        | Sigmund changed into Sigmund the killer bee
    84 | D        | Noticed Sigmund
    85 | D        | Sigmund the killer bee changed into Sigmund the sky beast
    85 | D        | Noticed Sigmund
   103 | D        | Killed Sigmund the sky beast
   104 | D        | Reached skill level 6 in Axes
   104 | D        | Reached XP level 5. HP: 32/53 MP: 5/5
   178 | D        | Found a burning altar of Makhleb.
   178 | D        | Found a viscous altar of Jiyva.
   178 | D        | Found a shimmering altar of Xom.
   178 | D        | Found a corrupted altar of Lugonu.
   178 | D        | Noticed a slime creature
   187 | D        | Killed a slime creature
   188 | D        | Reached skill level 8 in Axes
   188 | D        | Reached skill level 1 in Dodging
   188 | D        | Reached XP level 6. HP: 34/63 MP: 6/6
   192 | D        | Found an ornate altar of the Wu Jian Council.
   192 | D        | Found a shimmering blue altar of Sif Muna.
   194 | D        | Found a radiant altar of Vehumet.
   262 | D        | Noticed a kobold demonologist
   262 | D        | Noticed a floating eye
   262 | D        | Noticed a kobold demonologist
   265 | D        | Killed a floating eye
   266 | D        | Reached skill level 9 in Axes
   266 | D        | Reached XP level 7. HP: 64/71 MP: 7/7
   274 | D        | Noticed an orange demon
   275 | D        | Noticed a neqoxec
   275 | D        | Killed a kobold demonologist
   276 | D        | Reached skill level 10 in Fighting
   276 | D        | Reached skill level 11 in Axes
   276 | D        | Reached skill level 1 in Evocations
   276 | D        | Killed a kobold demonologist
   277 | D        | Reached skill level 12 in Axes
   277 | D        | Reached XP level 8. HP: 76/82 MP: 8/8
   309 | D        | Noticed a centaur warrior
   309 | D        | Noticed a centaur warrior
   316 | D        | Found Nuuwuw's Distillery.
   316 | D        | Found an ancient bone altar of Kikubaaqudgha.
   316 | D        | Found a hazy altar of Hepliaklqana.
   316 | D        | Found a stormy altar of Qazlal.
   316 | D        | Found a hide-covered altar of Uskayaw.
   316 | D        | Found a blossoming altar of Fedhas.
   316 | D        | Found a bloodstained altar of Trog.
   316 | D        | Found an iron altar of Okawaru.
   316 | D        | Found a basalt altar of Yredelemnul.
   316 | D        | Found a glowing golden altar of the Shining One.
   316 | D        | Found a snail-covered altar of Cheibriados.
   316 | D        | Found a sacrificial altar of Ru.
   316 | D        | Found a glowing silver altar of Zin.
   316 | D        | Found a shadowy altar of Dithmenos.
   316 | D        | Found a white marble altar of Elyvilon.
   316 | D        | Noticed a yak
   321 | D        | Killed a yak
   322 | D        | Found an opulent altar of Gozag.
   323 | D        | Found a sparkling altar of Nemelex Xobeh.
   327 | D        | Bought a potion of heal wounds for 50 gold pieces
   327 | D        | Bought a potion of curing for 30 gold pieces
   327 | D        | Bought a potion of curing for 30 gold pieces
   384 | D        | HP: 3/82 [centaur warrior (5)]
   384 | D        | Slain by a centaur warrior

Illustrated notes

Levels and vault maps discovered:
D:        dungeon_sprint_1 [red_sonja_temple_1, red_sonja_temple_small_1]

Skill      XL: |  1  2  3  4  5  6  7  8 |
---------------+-------------------------+-----
Fighting       | 5 7 8 9 11 | 11.2
Axes           | 3 4 6 8 9 12 | 12.5
Armour         | 4 6 7 8 9 |  9.0
Shields        | 4 6 7 8 9 |  9.7
Unarmed Combat | 1 2 3 4 |  4.4
Dodging        | 1 2 |  2.3
Evocations     | 1 |  1.1

Action                     |  1- 3 |  4- 6 |  7- 9 || total
---------------------------+-------+-------+-------++-------
  Melee: Unarmed           |     9 |       |       ||     9
         War axe           |     7 |    28 |    20 ||    55
  Evoke: Wand              |       |     2 |     3 ||     5
    Use: Potion            |     2 |       |     3 ||     5
 Armour: Skin              |     5 |       |       ||     5
         Scale mail        |       |    24 |    54 ||    78
  Dodge: Dodged            |     9 |    10 |    21 ||    40
  Block: Buckler           |       |     6 |    13 ||    19

Table legend: (Time is in decaauts)
 A = Elapsed time spent in this place.
 B = Non-inter-level travel time spent in this place.
 C = Inter-level travel time spent in this place.
 D = Time resting spent in this place.
 E = Time spent auto-exploring this place.
 F = Levels seen in this place.
 G = Mean time per level.
                   A        B        C        D        E       F      G
               +--------+--------+--------+--------+--------+-----+--------+
         Total |    383 |    383 |      0 |     55 |      0 |   1 |  383.0 |
       Dungeon |    383 |    383 |      0 |     55 |      0 |   1 |  383.0 |
               +--------+--------+--------+--------+--------+-----+--------+

Top non-repeatable levels by time:
       D: 383 daAuts
